AoeStats
← 帝国的铁汉

Arabia

510070103Analyzed
1v1 RM · 4d ago on Sep 29, 2026· 37m 48s· 2 players
Game mode
Random Map
Map size
Tiny (2 player)
Population
200
Speed
Normal
Resources
Standard
Victory
Conquest
Starting age
Dark Age
Ending age
Imperial Age
RankedLock teamsTeams togetherTeam positionsShared explorationLock speedFull tech treeHidden civsTurbo modeCheats
Victory
Defeat
🇨🇳 Varangians · China
1661
+14
🇨🇱 Byzantines · Chile
1615
-14
Zoen
6:17 Loom
9:03 Feudal Age
10:05 Double-Bit Axe
20:27 Castle Age
18:30 Horse Collar
19:44 Forging
20:14 Scale Barding Armor
21:29 Bow Saw
25:32 Wheelbarrow
28:02 Iron Casting
32:49 Chain Barding Armor
33:36 Light Cavalry
帝国的铁汉
10:00 Loom
13:36 Feudal Age
17:18 Castle Age
16:49 Double-Bit Axe
17:18 Bloodlines
17:16 Scale Barding Armor
23:00 Husbandry
24:38 Devotion
28:20 Forging
28:11 Scale Mail Armor
28:45 Squires
31:08 Wheelbarrow
32:28 Arson
33:15 Gambesons
36:18 Chain Mail Armor
Connection lost

Rejoining the realm…

Still unreachable

The connection could not be restored.

Session expired

The server has moved on; the page needs a fresh start.